[Event "ICC tourney 2545 (5 3)"]
[Site "Internet Chess Club"]
[Date "2021.04.11"]
[Round "4"]
[White "Mapking1"]
[Black "zwerstil"]
[Result "1-0"]
[ICCResult "Black checkmated"]
[WhiteElo "1490"]
[BlackElo "1296"]
[Opening "Scandinavian (center counter) defense"]
[ECO "B01"]
[NIC "VO.17"]
[Time "15:19:42"]
[TimeControl "300+3"]

1. e4 d5 2. exd5 Qxd5 3. c4 Qxc4 4. Bxc4 Nc6 5. Nf3 Bg4 6. O-O Nf6 7. Nc3
O-O-O 8. d3 e6 9. Bf4 g6 10. Qa4 h5 11. Bb5 Bxf3 12. gxf3 Bh6 13. Bxc6 bxc6
14. Bxh6 Rxh6 15. Qxa7 Nd5 16. Nxd5 cxd5 17. Rac1 Rd7 18. a4 g5 19. a5 Rg6
20. a6 g4 21. Qxc7+ Rxc7 22. a7 Rxc1 23. a8=Q+ Kc7 24. Rxc1+ Kd6 25. Qc6+
Ke5 26. Qc7+ Kf6 27. Qf4+ Kg7 28. fxg4 Rxg4+ 29. Qxg4+ hxg4 30. b4 f5 31. b5
Kg6 32. b6 Kg5 33. b7 d4 34. b8=Q f4 35. Qg8+ Kf5 36. Qh7+ Kg5 37. Qg7+ Kf5
38. Rc5+ e5 39. Rxe5# {Black checkmated} 1-0

[Event "ICC tourney 2545 (5 3)"]
[Site "Internet Chess Club"]
[Date "2021.04.11"]
[Round "4"]
[White "kartheek24"]
[Black "nhallmark01"]
[Result "1-0"]
[ICCResult "Black checkmated"]
[WhiteElo "1825"]
[BlackElo "1562"]
[Opening "English opening"]
[ECO "A10"]
[NIC "EO.64"]
[Time "15:19:37"]
[TimeControl "300+3"]

1. c4 g6 2. Nf3 Bg7 3. Nc3 e6 4. g3 Ne7 5. Bg2 O-O 6. b3 d5 7. Bb2 Nbc6 8.
cxd5 exd5 9. O-O b5 10. d4 Nxd4 11. Nxd4 b4 12. Na4 Bd7 13. Nc5 Nf5 14. Nxd7
Qxd7 15. Qd2 Nxd4 16. Bxd4 Bxd4 17. Qxd4 Rad8 18. Rfd1 Qe7 19. e3 c5 20. Qb2
d4 21. exd4 cxd4 22. Rxd4 Qf6 23. Rad1 Rxd4 24. Qxd4 Qxd4 25. Rxd4 Rc8 26.
Rxb4 Rc1+ 27. Bf1 Rc2 28. Ra4 Kg7 29. Rxa7 h5 30. Kg2 Kh6 31. Bc4 f6 32. Rf7
f5 33. a4 Kg5 34. h4+ Kg4 35. Rf6 g5 36. Rg6 f4 37. Rxg5# {Black checkmated}
1-0

[Event "ICC tourney 2545 (5 3)"]
[Site "Internet Chess Club"]
[Date "2021.04.11"]
[Round "4"]
[White "DuckyBirdLover"]
[Black "Kyle45"]
[Result "0-1"]
[ICCResult "White resigns"]
[WhiteElo "923"]
[BlackElo "1483"]
[Opening "Sicilian defense"]
[ECO "B20"]
[NIC "SI.48"]
[Time "15:19:32"]
[TimeControl "300+3"]

1. e4 c5 2. Bc4 e6 3. Nf3 Nf6 4. Nc3 d5 5. exd5 exd5 6. Bb5+ Bd7 7. O-O Be7
8. d3 Bxb5 9. Nxb5 a6 10. Nc3 Nc6 11. Bg5 d4 12. Ne2 O-O 13. Nf4 h6 14. Re1
hxg5 15. Nxg5 Nd5 16. Nxd5 Qxd5 17. Qh5 Qxg5 18. Qxg5 Bxg5 19. c3 Rae8 20.
cxd4 Rxe1+ 21. Rxe1 Nxd4 22. a3 Bd2 23. Rd1 Re8 24. h3 Re1+ 25. Rxe1 Bxe1
26. b4 cxb4 27. axb4 Bxb4 28. f4 a5 29. Kf1 a4 {White resigns} 0-1

[Event "ICC tourney 2545 (5 3)"]
[Site "Internet Chess Club"]
[Date "2021.04.11"]
[Round "4"]
[White "IsaiahS"]
[Black "infacant"]
[Result "1-0"]
[ICCResult "Black resigns"]
[WhiteElo "1397"]
[BlackElo "1303"]
[Opening "Three knights game"]
[ECO "C46"]
[NIC "KP.06"]
[Time "15:20:05"]
[TimeControl "300+3"]

1. e4 e5 2. Nf3 Nc6 3. Nc3 d6 4. d4 Nf6 5. dxe5 Nxe5 6. Nxe5 dxe5 7. Qxd8+
Kxd8 8. Bc4 Ke8 9. Bg5 Bb4 10. Bxf6 gxf6 11. O-O-O Bxc3 12. bxc3 Ke7 13. Rd2
Bd7 14. Rhd1 Bc6 15. f3 Rad8 16. Rxd8 Rxd8 17. Rxd8 Kxd8 18. Bxf7 Bb5 19.
Be6 Bf1 20. Bh3 Ke7 21. Kd2 Kf7 22. Ke3 Kg6 23. Kf2 Bc4 24. a3 Ba2 25. Ke3
h5 26. Kd3 Kg5 27. c4 c5 28. Kc3 a6 29. a4 b6 30. Bc8 a5 31. Be6 Kf4 32. Kb2
Bxc4 33. Bxc4 Ke3 34. Be6 Kf2 35. Bh3 Ke3 36. Kc3 {Black resigns} 1-0

[Event "ICC tourney 2545 (5 3)"]
[Site "Internet Chess Club"]
[Date "2021.04.11"]
[Round "4"]
[White "KingsizePawn"]
[Black "Skydancer52"]
[Result "1-0"]
[ICCResult "Black resigns"]
[WhiteElo "1649"]
[BlackElo "1376"]
[Opening "two knights defense: Lolli attack"]
[ECO "C57"]
[NIC "KP.01"]
[Time "15:20:12"]
[TimeControl "300+3"]

1. e4 e5 2. Bc4 Nf6 3. Nf3 Nc6 4. Ng5 d5 5. exd5 Nxd5 6. d4 f6 7. dxe5 fxg5
8. Bxd5 h5 9. Bxc6+ bxc6 10. Qxd8+ Kxd8 11. Bxg5+ Be7 12. Be3 Bg5 13. Bxg5+
Ke8 14. Nc3 Ba6 15. O-O-O Bc8 16. Rd8+ Kf7 17. Rxh8 Be6 18. Rxa8 {Black
resigns} 1-0

[Event "ICC tourney 2545 (5 3)"]
[Site "Internet Chess Club"]
[Date "2021.04.11"]
[Round "4"]
[White "ELCCEthan488"]
[Black "KnightGhost"]
[Result "1-0"]
[ICCResult "Black resigns"]
[WhiteElo "1572"]
[BlackElo "1258"]
[Opening "QGD: 4.Bg5 Be7, 5.e3 O-O"]
[ECO "D53"]
[NIC "QP.07"]
[Time "15:19:14"]
[TimeControl "300+3"]

1. d4 Nf6 2. c4 e6 3. Nc3 Be7 4. Bg5 O-O 5. e3 d5 6. cxd5 exd5 7. Bd3 Nc6 8.
Nf3 Bg4 9. Qc2 Ne4 10. Bxe7 Qxe7 11. Bxe4 dxe4 12. Qxe4 Qxe4 13. Nxe4 Bxf3
14. gxf3 g6 15. a3 Kg7 16. h4 f5 17. Ng3 Rae8 18. h5 Na5 19. hxg6 hxg6 20.
O-O-O Nb3+ 21. Kc2 Na5 22. Rdg1 Re6 23. f4 Rc6+ 24. Kb1 Nb3 25. Ka2 Nd2 26.
Rc1 Rb6 27. Rxc7+ Kf6 28. Rh6 a5 29. Nh5+ Ke6 30. Rxg6+ Kd5 31. Rf6 Ke4 32.
Rxf8 a4 33. Rc2 Nb3 34. Ng3+ Kf3 35. Nxf5 Rg6 36. Nh4+ {Black resigns} 1-0

[Event "ICC tourney 2545 (5 3)"]
[Site "Internet Chess Club"]
[Date "2021.04.11"]
[Round "4"]
[White "vbtry3"]
[Black "racerbil"]
[Result "1-0"]
[ICCResult "Black checkmated"]
[WhiteElo "1899"]
[BlackElo "1492"]
[Opening "Queen's pawn, Mason variation"]
[ECO "D00"]
[NIC "QP.08"]
[Time "15:19:00"]
[TimeControl "300+3"]

1. d4 d5 2. Bf4 Nc6 3. Nc3 f6 4. Nf3 Bf5 5. Nb5 e5 6. dxe5 fxe5 7. Nxe5 Qd6
8. Nxd6+ Bxd6 9. Nxc6 Bxf4 10. Nd4 Bg6 11. e3 Bd6 12. Bd3 Nf6 13. Bxg6+ hxg6
14. h3 O-O-O 15. c3 c5 16. Nb5 Bb8 17. a4 a6 18. Na3 Rhe8 19. O-O d4 20.
cxd4 cxd4 21. Qc2+ Bc7 22. Rac1 Nd5 23. e4 d3 24. Qxd3 Nb4 25. Qc4 Nc6 26.
Rfd1 Rxd1+ 27. Rxd1 Na5 28. Qf7 Rxe4 29. Qxg6 Rxa4 30. Qe8+ Bd8 31. Qxd8#
{Black checkmated}
1-0

[Event "ICC tourney 2545 (5 3)"]
[Site "Internet Chess Club"]
[Date "2021.04.11"]
[Round "4"]
[White "SuperPuzzler"]
[Black "Havanah"]
[Result "1-0"]
[ICCResult "Black resigns"]
[WhiteElo "1843"]
[BlackElo "1428"]
[Opening "Nimzovich-Larsen attack: classical variation"]
[ECO "A01"]
[NIC "VO.08"]
[Time "15:19:09"]
[TimeControl "300+3"]

1. b3 d5 2. Bb2 Nf6 3. e3 g6 4. Bxf6 exf6 5. d4 Bf5 6. Bd3 Qd7 7. Ne2 Nc6 8.
c3 Bd6 9. Nd2 O-O 10. Nf3 Bg4 11. Ng3 Rfe8 12. O-O Nd8 13. c4 c6 14. Rc1 Ne6
15. h3 Bxf3 16. Qxf3 f5 17. cxd5 Bxg3 18. dxe6 Bxf2+ 19. Qxf2 Qxe6 20. e4
fxe4 21. Bc4 e3 22. Qxf7+ Qxf7 23. Bxf7+ Kg7 24. Bxe8 Rxe8 25. Rfe1
{Black resigns}
1-0

[Event "ICC tourney 2545 (5 3)"]
[Site "Internet Chess Club"]
[Date "2021.04.11"]
[Round "4"]
[White "marioseixas1992"]
[Black "AtharvRB"]
[Result "0-1"]
[ICCResult "White checkmated"]
[WhiteElo "1315"]
[BlackElo "1679"]
[Opening "Scandinavian (center counter) defense"]
[ECO "B01"]
[NIC "VO.17"]
[Time "15:20:31"]
[TimeControl "300+3"]

1. e4 d5 2. exd5 Qxd5 3. c4 Qd6 4. Nc3 Nc6 5. g3 Bf5 6. Bg2 Nf6 7. Nge2 e6
8. O-O Be7 9. d4 Rd8 10. c5 Qd7 11. Be3 Ne4 12. Nxe4 Bxe4 13. Bxe4 f5 14.
Bg2 Bf6 15. Nf4 Nxd4 16. Qh5+ g6 17. Nxg6 Ne2+ 18. Kh1 Qf7 19. Qxe2 hxg6 20.
Bxb7 Qh7 21. Qb5+ Rd7 22. Bc6 Qxh2# {White checkmated} 0-1

[Event "ICC tourney 2545 (5 3)"]
[Site "Internet Chess Club"]
[Date "2021.04.11"]
[Round "4"]
[White "FunnyChessMan31"]
[Black "schakraborty148"]
[Result "0-1"]
[ICCResult "White resigns"]
[WhiteElo "1444"]
[BlackElo "1336"]
[Opening "English: Carls' Bremen system"]
[ECO "A22"]
[NIC "EO.10"]
[Time "15:19:24"]
[TimeControl "300+3"]

1. c4 e5 2. Nc3 Nf6 3. g3 Bc5 4. Bg2 Nc6 5. d3 O-O 6. e4 d6 7. Nge2 Bg4 8.
O-O Nd4 9. f3 Nxe2+ 10. Kh1 Nxg3+ 11. hxg3 Be6 12. f4 exf4 13. gxf4 Bd4 14.
f5 Bd7 15. Bg5 h6 16. Bh4 Bxc3 17. bxc3 a6 18. Rb1 b5 19. e5 dxe5 20. Bxa8
Qxa8+ 21. Qf3 Bc6 22. Bxf6 Bxf3+ 23. Kh2 gxf6 24. Rg1+ Kh7 25. Rg3 Bc6 26.
Rbg1 h5 27. Rg7+ Kh8 28. R7g3 Rd8 29. Rh3 Bf3 30. c5 Rxd3 31. Rgg3 Rd2+ 32.
Kg1 Rg2+ 33. Rxg2 Bxg2 34. Rxh5+ Kg8 35. Rh4 {White resigns} 0-1

[Event "ICC tourney 2545 (5 3)"]
[Site "Internet Chess Club"]
[Date "2021.04.11"]
[Round "4"]
[White "jackdykes"]
[Black "Jude"]
[Result "0-1"]
[ICCResult "White checkmated"]
[WhiteElo "1510"]
[BlackElo "1647"]
[Opening "Queen's Pawn"]
[ECO "A41"]
[NIC "QO.17"]
[Time "15:19:20"]
[TimeControl "300+3"]

1. d4 d6 2. e3 g6 3. Nf3 Bg7 4. g3 Nf6 5. Bg2 O-O 6. b3 c6 7. c4 Nbd7 8.
Nbd2 Qc7 9. O-O e5 10. Bb2 Re8 11. dxe5 dxe5 12. e4 Nf8 13. c5 b5 14. cxb6
axb6 15. Nc4 Nxe4 16. Bxe5 Bxe5 17. Nfxe5 Rxe5 18. Nxe5 Qxe5 19. Re1 f5 20.
f3 Qc5+ 21. Kh1 Nf2+ 22. Kg1 Nh3+ 23. Kf1 Qf2# {White checkmated} 0-1

[Event "ICC tourney 2545 (5 3)"]
[Site "Internet Chess Club"]
[Date "2021.04.11"]
[Round "4"]
[White "MrsPiggy"]
[Black "Ldon22"]
[Result "1-0"]
[ICCResult "Black resigns"]
[WhiteElo "1354"]
[BlackElo "1311"]
[Opening "King's Indian defense"]
[ECO "E60"]
[NIC "KI.80"]
[Time "15:19:51"]
[TimeControl "300+3"]

1. d4 Nf6 2. c4 g6 3. e3 Bg7 4. Nf3 O-O 5. Be2 d6 6. O-O Bg4 7. b3 Nbd7 8.
Bb2 Re8 9. Nbd2 Rb8 10. h3 Bxf3 11. Bxf3 e6 12. Re1 d5 13. e4 dxe4 14. Nxe4
Nxe4 15. Bxe4 Nf6 16. Bf3 Qd6 17. a4 b6 18. Rb1 Red8 19. Re2 Qb4 20. Rd2 Rd6
21. Ra1 Rbd8 22. Ba3 Qa5 23. Bxd6 Rxd6 24. Rb1 c5 25. d5 exd5 26. Bxd5 Nxd5
27. Rxd5 Rf6 28. Rd8+ Bf8 29. Qd2 Qa6 30. Re1 Kg7 31. Ree8 Qb7 32. Rxf8 Rf5
33. Rg8+ Kf6 34. Rd5 Rxd5 35. Qxd5 Qxd5 36. cxd5 Ke5 37. Rd8 {Black resigns}
1-0

[Event "ICC tourney 2545 (5 3)"]
[Site "Internet Chess Club"]
[Date "2021.04.11"]
[Round "4"]
[White "LeftHand"]
[Black "Hewett555"]
[Result "1-0"]
[ICCResult "Black checkmated"]
[WhiteElo "1183"]
[BlackElo "1324"]
[Opening "Scandinavian: Pytel-Wade variation"]
[ECO "B01"]
[NIC "SD.02"]
[Time "15:20:08"]
[TimeControl "300+3"]

1. e4 d5 2. exd5 Qxd5 3. Nc3 Qd6 4. d4 Nf6 5. Be2 Nc6 6. Be3 e6 7. Nf3 Bd7
8. Qd2 O-O-O 9. O-O-O Nb4 10. a3 Nbd5 11. Ne5 Nxc3 12. Qxc3 Nd5 13. Qa5 Kb8
14. Nxf7 Qb6 15. Qxb6 cxb6 16. Nxh8 Nxe3 17. fxe3 Be8 18. Rhf1 Bd6 19. Nf7
Bxf7 20. Rxf7 Bxh2 21. Rh1 Bd6 22. Bf3 Bc7 23. Rxh7 e5 24. Rhxg7 Rc8 25. Bg4
exd4 26. Bxc8 dxe3 27. Bg4 Bf4 28. Rxf4 a6 29. Rf8+ Ka7 30. Bf3 b5 31. Rxb7#
{Black checkmated}
1-0

[Event "ICC tourney 2545 (5 3)"]
[Site "Internet Chess Club"]
[Date "2021.04.11"]
[Round "4"]
[White "bandhu2"]
[Black "justinchess"]
[Result "0-1"]
[ICCResult "White resigns"]
[WhiteElo "1698"]
[BlackElo "2118"]
[Opening "Caro-Kann: advance variation"]
[ECO "B12"]
[NIC "CK.04"]
[Time "15:19:54"]
[TimeControl "300+3"]

1. e4 c6 2. d4 d5 3. e5 Bf5 4. Nd2 e6 5. Nb3 c5 6. dxc5 Bxc5 7. Nxc5 Qa5+ 8.
c3 Qxc5 9. Qa4+ Nd7 10. Bb5 Qc7 11. Nf3 Ne7 12. O-O Nc6 13. Nd4 Nxd4 14.
cxd4 a6 15. Bg5 O-O 16. Bxd7 b5 17. Bxb5 axb5 18. Qxb5 Rfb8 19. Qc5 Qxc5 20.
dxc5 Rxb2 21. c6 h6 22. Be7 Rc8 23. Rfc1 Rc2 24. g4 R8xc6 25. Rxc2 Bxc2 26.
Rc1 d4 27. Bb4 d3 28. a3 Rc4 29. f3 Rxb4 30. axb4 d2 31. Ra1 d1=Q+ 32. Rxd1
Bxd1 33. Kf2 Kf8 {White resigns} 0-1

[Event "ICC tourney 2545 (5 3)"]
[Site "Internet Chess Club"]
[Date "2021.04.11"]
[Round "4"]
[White "ZephyrrrYT"]
[Black "jmpe"]
[Result "0-1"]
[ICCResult "White resigns"]
[WhiteElo "1346"]
[BlackElo "1570"]
[Opening "Old Benoni defense"]
[ECO "A43"]
[NIC "OI.09"]
[Time "15:19:21"]
[TimeControl "300+3"]

1. d4 c5 2. dxc5 e6 3. c4 Bxc5 4. Nc3 Nc6 5. Nf3 Nf6 6. Bg5 Qb6 7. Qc2 Nb4
8. Qd2 Bxf2+ 9. Kd1 Ng4 10. h3 Be3 11. Bxe3 Nxe3+ 12. Kc1 Nxc4 13. Qe1 Qe3+
14. Kb1 d5 15. a3 Nc6 16. Ka2 Qb6 17. Rb1 Qa5 18. Nd2 Nb4+ 19. Ka1 Nc2+ 20.
Ka2 Nxe1 21. Rxe1 Nxa3 22. bxa3 Qxc3 23. Nb3 Qxe1 24. Kb2 {White resigns}
0-1

[Event "ICC tourney 2545 (5 3)"]
[Site "Internet Chess Club"]
[Date "2021.04.11"]
[Round "4"]
[White "victorking67"]
[Black "Casopis"]
[Result "0-1"]
[ICCResult "White checkmated"]
[WhiteElo "1414"]
[BlackElo "1652"]
[Opening "Van't Kruijs opening"]
[ECO "A00"]
[Time "15:20:32"]
[TimeControl "300+3"]

1. e3 e5 2. Qh5 d6 3. Bb5+ c6 4. Ba4 Nf6 5. Qe2 Be7 6. c3 e4 7. Na3 d5 8.
Bd1 O-O 9. Nc2 Bg4 10. Qf1 Bxd1 11. Kxd1 Nbd7 12. Nb4 a5 13. Nc2 Nc5 14. Ne1
Ng4 15. h3 Ne5 16. Ne2 Ned3 17. Nxd3 Nxd3 18. Nf4 Nxf4 19. exf4 b5 20. g3 f5
21. Qe2 Rb8 22. b3 c5 23. Bb2 d4 24. cxd4 cxd4 25. Rc1 Bb4 26. a3 Be7 27.
Ba1 Qd6 28. a4 bxa4 29. Qc4+ Kh8 30. Qxa4 e3 31. fxe3 dxe3 32. Rc2 Qd3 33.
Rh2 Qf1# {White checkmated} 0-1

[Event "ICC tourney 2545 (5 3)"]
[Site "Internet Chess Club"]
[Date "2021.04.11"]
[Round "4"]
[White "EthanVSA"]
[Black "Tavo"]
[Result "0-1"]
[ICCResult "White resigns"]
[WhiteElo "1359"]
[BlackElo "1433"]
[Opening "Queen's pawn game"]
[ECO "A45"]
[NIC "QP.07"]
[Time "15:20:09"]
[TimeControl "300+3"]

1. d4 Nf6 2. e3 d5 3. c4 dxc4 4. Bxc4 Bf5 5. Qb3 e6 6. Qxb7 Nbd7 7. Bb5 Be4
8. Bxd7+ Kxd7 9. Qb5+ Bc6 10. Qf1 Nd5 11. Bd2 Rb8 12. b3 Bb4 13. Bxb4 Nxb4
14. Na3 Qg5 15. Nf3 Bb5 16. Nc4 Qf5 17. Qe2 Nc2+ 18. Kd2 Nxa1 19. Rxa1 Bxc4
20. Qxc4 Qa5+ 21. Kd3 Rb4 22. Ne5+ Ke7 23. Qc3 Qb5+ 24. Kd2 Rc8 25. a3 Rxb3
26. Qc2 Rb2 {White resigns} 0-1

[Event "ICC tourney 2545 (5 3)"]
[Site "Internet Chess Club"]
[Date "2021.04.11"]
[Round "4"]
[White "jgse19811"]
[Black "ElMathador"]
[Result "1-0"]
[ICCResult "Black resigns"]
[WhiteElo "1322"]
[BlackElo "1261"]
[Opening "Scandinavian defense"]
[ECO "B01"]
[NIC "SD.03"]
[Time "15:20:31"]
[TimeControl "300+3"]

1. e4 d5 2. exd5 Nf6 3. Nc3 Bf5 4. Bb5+ Nbd7 5. Nf3 e6 6. dxe6 Bxe6 7. O-O
Bc5 8. Re1 O-O 9. Kh1 Bg4 10. d4 Bd6 11. Ne4 Re8 12. h3 Bf5 13. Qd3 Rxe4 14.
Rxe4 Bxe4 15. Qc4 Qe8 16. Ng5 h6 17. Nxe4 Nxe4 18. Ba4 Nxf2+ 19. Kg1 Qe1+
20. Qf1 Nxh3+ 21. gxh3 Qg3+ 22. Qg2 Qe1+ 23. Qf1 Qe3+ 24. Bxe3 {Black
resigns} 1-0

[Event "ICC tourney 2545 (5 3)"]
[Site "Internet Chess Club"]
[Date "2021.04.11"]
[Round "4"]
[White "drjava"]
[Black "Ecalevolkk"]
[Result "1-0"]
[ICCResult "Black resigns"]
[WhiteElo "1787"]
[BlackElo "1657"]
[Opening "Ruy Lopez: modern Steinitz defense, 5.O-O"]
[ECO "C72"]
[NIC "RL.10"]
[Time "15:20:32"]
[TimeControl "300+3"]

1. e4 e5 2. Nf3 Nc6 3. Bb5 a6 4. Ba4 d6 5. O-O Bg4 6. Nc3 b5 7. Bb3 Qf6 8.
Nd5 Qd8 9. h3 Bh5 10. c3 Nf6 11. Re1 Bg6 12. Nxf6+ Qxf6 13. Bd5 Kd7 14. d4
Rb8 15. dxe5 Nxe5 16. Nxe5+ Qxe5 17. Qg4+ f5 18. Qf3 fxe4 19. Bxe4 Bxe4 20.
Rxe4 Qf6 21. Rf4 Qe5 22. Rf7+ Ke8 23. Bd2 {Black resigns} 1-0

[Event "ICC tourney 2545 (5 3)"]
[Site "Internet Chess Club"]
[Date "2021.04.11"]
[Round "4"]
[White "MohanadWael"]
[Black "willzen89"]
[Result "0-1"]
[ICCResult "White checkmated"]
[WhiteElo "1334"]
[BlackElo "1840"]
[Opening "French: advance, Paulsen attack"]
[ECO "C00"]
[NIC "FR.01"]
[Time "15:19:17"]
[TimeControl "300+3"]

1. e4 e6 2. Nf3 d5 3. e5 c5 4. c3 Nc6 5. d4 Qb6 6. dxc5 Bxc5 7. Bd3 Bxf2+ 8.
Kf1 Be3 9. Qb3 Qxb3 10. axb3 Bxc1 11. Kf2 Bf4 12. Nbd2 Nge7 13. Bb5 Bd7 14.
c4 Bxd2 15. Nxd2 Nxe5 16. Bxd7+ Nxd7 17. cxd5 Nxd5 18. Rhe1 O-O 19. Nc4 N7f6
20. Ne5 Rfc8 21. g4 h6 22. Rg1 Rc2+ 23. Kf1 Ne3+ 24. Ke1 Nfd5 25. Rg3 Rac8
26. Rf3 Rxh2 27. Rxa7 Rc1# {White checkmated} 0-1

[Event "ICC tourney 2545 (5 3)"]
[Site "Internet Chess Club"]
[Date "2021.04.11"]
[Round "4"]
[White "SunKing007"]
[Black "sandeep3345"]
[Result "1-0"]
[ICCResult "Black resigns"]
[WhiteElo "1679"]
[BlackElo "1397"]
[Opening "QGA: 3.e4"]
[ECO "D20"]
[NIC "QG.04"]
[Time "15:19:34"]
[TimeControl "300+3"]

1. d4 d5 2. c4 dxc4 3. e4 e6 4. Bxc4 Ne7 5. Nc3 Ng6 6. Nf3 Be7 7. Be3 O-O 8.
O-O Nd7 9. Qb3 b6 10. d5 e5 11. Rac1 Bd6 12. Nb5 Nc5 13. Qc2 Bg4 14. Nxd6
Bxf3 15. Bxc5 bxc5 16. Nb7 Qg5 17. g3 Nf4 18. Rfe1 Qg4 19. Re3 Qh5 20. Nxc5
Nh3+ 21. Kf1 Bg4 22. Be2 Nxf2 23. Kxf2 f5 24. Bxg4 Qxg4 25. Ne6 fxe4+ 26.
Nxf8 Rxf8+ 27. Kg1 Rf3 28. Qxe4 Qxe4 29. Rxe4 Rf5 30. Rxc7 {Black resigns}
1-0

[Event "ICC tourney 2545 (5 3)"]
[Site "Internet Chess Club"]
[Date "2021.04.11"]
[Round "4"]
[White "robbonz"]
[Black "mill0"]
[Result "1-0"]
[ICCResult "Black resigns"]
[WhiteElo "688"]
[BlackElo "1210"]
[Opening "Three knights game"]
[ECO "C46"]
[NIC "KP.06"]
[Time "15:20:17"]
[TimeControl "300+3"]

1. e4 e5 2. Nf3 Nc6 3. Nc3 Bc5 4. Bb5 Nd4 5. Nxd4 Bxd4 6. d3 Nf6 7. Nd5 Nxd5
8. exd5 O-O 9. O-O c6 10. Bc4 Qg5 11. Bxg5 {Black resigns} 1-0

[Event "ICC tourney 2545 (5 3)"]
[Site "Internet Chess Club"]
[Date "2021.04.11"]
[Round "4"]
[White "ehkopean"]
[Black "Grieve72"]
[Result "0-1"]
[ICCResult "White resigns"]
[WhiteElo "1591"]
[BlackElo "2211"]
[Opening "Nimzovich-Larsen attack: modern variation"]
[ECO "A01"]
[NIC "VO.08"]
[Time "15:19:54"]
[TimeControl "300+3"]

1. b3 e5 2. Bb2 d6 3. d4 exd4 4. Bxd4 Nc6 5. Bb2 Nf6 6. e3 g6 7. Nf3 Bg7 8.
Bb5 O-O 9. O-O Qe7 10. Nbd2 Bf5 11. Nd4 Nxd4 12. Bxd4 c6 13. Bd3 Bxd3 14.
cxd3 Nd7 15. Bxg7 Kxg7 16. d4 h5 17. Nf3 d5 18. Qc2 f5 19. h4 Nf6 20. Ng5
Ne4 21. Nxe4 fxe4 22. g3 g5 23. hxg5 Qxg5 24. Kg2 h4 25. Rg1 Rf3 26. Kf1
hxg3 27. Re1 Raf8 28. Re2 Kf7 29. Qc5 Ke6 30. Qxa7 Rxf2+ 31. Rxf2 Rxf2+
{White resigns}
0-1

[Event "ICC tourney 2545 (5 3)"]
[Site "Internet Chess Club"]
[Date "2021.04.11"]
[Round "4"]
[White "Abix4"]
[Black "keesparov2001"]
[Result "1-0"]
[ICCResult "Black checkmated"]
[WhiteElo "1649"]
[BlackElo "936"]
[Opening "QGD: 4.Nf3"]
[ECO "D37"]
[NIC "QO.16"]
[Time "15:19:52"]
[TimeControl "300+3"]

1. d4 Nf6 2. c4 e6 3. Nc3 d5 4. Nf3 dxc4 5. e4 b5 6. e5 Nd5 7. Bd2 c6 8. a3
Be7 9. Be2 O-O 10. O-O Nd7 11. Nxd5 cxd5 12. Ne1 Bb7 13. Nc2 Rc8 14. f4 Re8
15. f5 Qb6 16. Kh1 Bf8 17. f6 g6 18. Rf3 h5 19. Rh3 a5 20. Bxh5 b4 21. Bxg6
fxg6 22. Qg4 Nxe5 23. dxe5 Rc7 24. Qxg6+ Bg7 25. Qxe8+ Bf8 26. Rg3+ Kh7 27.
Qh5+ Bh6 28. Qxh6# {Black checkmated} 1-0

[Event "ICC tourney 2545 (5 3)"]
[Site "Internet Chess Club"]
[Date "2021.04.11"]
[Round "4"]
[White "IAlwaysWin"]
[Black "JamesS"]
[Result "1-0"]
[ICCResult "Black resigns"]
[WhiteElo "1567"]
[BlackElo "1341"]
[Opening "English opening"]
[ECO "A05"]
[NIC "QP.11"]
[Time "15:20:32"]
[TimeControl "300+3"]

1. Nf3 Nf6 2. c4 e6 3. g3 b6 4. Bg2 Bb7 5. O-O c5 6. Nc3 d5 7. cxd5 Nxd5 8.
Nxd5 Bxd5 9. d3 Nc6 10. b3 Ne7 11. Bb2 Qc7 12. Rc1 Ng6 13. h4 h5 14. d4 f6
15. Qc2 Rc8 16. Qxg6+ Kd7 17. Qc2 Be7 18. e4 Ba8 19. dxc5 bxc5 20. Rfd1+ Ke8
21. Qc4 Kf7 22. e5 f5 23. b4 g5 24. hxg5 f4 25. g6+ Kxg6 26. Qxe6+ Kg7 27.
gxf4 Rh6 28. Qf5 h4 29. Rd7 Qc6 {Black resigns} 1-0

[Event "ICC tourney 2545 (5 3)"]
[Site "Internet Chess Club"]
[Date "2021.04.11"]
[Round "4"]
[White "Toya"]
[Black "zena"]
[Result "1-0"]
[ICCResult "Black resigns"]
[WhiteElo "1397"]
[BlackElo "1325"]
[Opening "Fried fox defense"]
[ECO "B00"]
[NIC "VO.17"]
[Time "15:19:25"]
[TimeControl "300+3"]

1. e4 f6 2. d4 Kf7 3. Nc3 b6 4. Nf3 Bb7 5. Bc4+ e6 6. O-O d6 7. e5 d5 8. Bd3
f5 9. Ng5+ Ke7 10. Ne2 h6 11. Nf3 Kf7 12. Nd2 g5 13. c4 c6 14. cxd5 cxd5 15.
Ng3 g4 16. f3 h5 17. fxg4 hxg4 18. Nxf5 exf5 19. Bxf5 Kg7 20. Qxg4+ Kf7 21.
Be6+ Ke7 22. Rf7+ Ke8 23. Rxb7 {Black resigns} 1-0

[Event "ICC tourney 2545 (5 3)"]
[Site "Internet Chess Club"]
[Date "2021.04.11"]
[Round "4"]
[White "pribi1978"]
[Black "skbvidya"]
[Result "1-0"]
[ICCResult "Black resigns"]
[WhiteElo "1659"]
[BlackElo "1237"]
[Opening "Réti opening"]
[ECO "A09"]
[NIC "QP.09"]
[Time "15:20:04"]
[TimeControl "300+3"]

1. Nf3 d5 2. c4 Nf6 3. cxd5 Nxd5 4. e4 Nb6 5. Nc3 e5 6. Nxe5 Qe7 7. Nf3 Nc6
8. Bb5 Bd7 9. O-O g6 10. Re1 Bg7 11. Nd5 Qd8 12. d4 O-O 13. Bg5 f6 14. Nxb6
axb6 15. Be3 Kh8 16. a3 f5 17. Bg5 Qc8 18. e5 Nxe5 19. Nxe5 Bxb5 20. Qb3 Be8
21. Be7 Bf7 22. Nxf7+ Rxf7 23. Qxf7 Qg8 {Black resigns} 1-0

[Event "ICC tourney 2545 (5 3)"]
[Site "Internet Chess Club"]
[Date "2021.04.11"]
[Round "4"]
[White "joey0926"]
[Black "drskodeh"]
[Result "0-1"]
[ICCResult "White resigns"]
[WhiteElo "1327"]
[BlackElo "1534"]
[Opening "Center game"]
[ECO "C22"]
[NIC "KP.04"]
[Time "15:20:10"]
[TimeControl "300+3"]

1. e4 e5 2. d4 exd4 3. Qxd4 Nc6 4. Qd1 Bc5 5. Nc3 a6 6. Bc4 Qf6 7. Qf3 Nd4
8. Qxf6 Nxf6 9. Bd3 O-O 10. Nge2 Nxe2 11. Nxe2 Re8 12. Nc3 Bb4 13. O-O Bxc3
14. bxc3 Nxe4 15. Bb2 d5 16. Rfe1 Nd6 17. h3 Bd7 18. Rab1 Nc4 19. Bxc4 dxc4
20. Ba3 b6 21. Red1 Bf5 22. Rbc1 Re2 23. Rd4 b5 24. Rcd1 h6 25. Rd5 Bxc2 26.
Rc1 Bd3 27. Rc5 Rxa2 28. Bb4 a5 29. Rxb5 axb4 30. cxb4 Ra1 31. Rxa1 Rxa1+
32. Kh2 c3 33. Rc5 c2 {White resigns} 0-1

[Event "ICC tourney 2545 (5 3)"]
[Site "Internet Chess Club"]
[Date "2021.04.11"]
[Round "4"]
[White "pawnmoves22"]
[Black "Eagle64"]
[Result "0-1"]
[ICCResult "White resigns"]
[WhiteElo "1640"]
[BlackElo "2573"]
[Opening "Richter-Veresov attack"]
[ECO "D01"]
[NIC "VO.15"]
[Time "15:20:12"]
[TimeControl "300+3"]

1. Nc3 d5 2. d4 Nf6 3. Bg5 Nbd7 4. e4 dxe4 5. f3 e3 6. Bxe3 g6 7. Bc4 Bg7 8.
Nge2 O-O 9. O-O Nb6 10. Bb3 a5 11. a4 Nbd5 12. Nxd5 Nxd5 13. Bf2 b6 14. c3
Bb7 15. Qc2 e6 16. Rfe1 Qg5 17. Bg3 Rac8 18. Qe4 Ba8 19. Rad1 Nxc3 20. Qc2
Nxd1 21. Rxd1 c5 22. Bf4 Qe7 23. Nc3 cxd4 24. Rxd4 Bxd4+ 25. Kh1 Qf6 26. Qd3
Qxf4 27. Ne4 Rc1+ 28. Bd1 Bxe4 {White resigns} 0-1